 Dungeon Crawl Stone Soup version 0.24-a0-518-g9d8d8d5b78 (webtiles) character file.

Game seed: 13678296082295813871

37 Mithandil the Conjurer (level 3, 0/19 HPs)
             Began as a Deep Elf Conjurer on July 23, 2019.
             Slain by a hobgoblin (5 damage)
             ... led by Robin
             ... on level 1 of the Dungeon.
             The game lasted 00:04:24 (679 turns).

Mithandil the Conjurer (Deep Elf Conjurer)           Turns: 679, Time: 00:04:25

Health: 0/19       AC:  5    Str:  5    XL:     3   Next: 23%
Magic:  4/10       EV: 13    Int: 20    God:
Gold:   15         SH:  0    Dex: 15    Spells: 6/9 levels left

rFire    + . .     SeeInvis .   a - +2 dagger (freeze)
rCold    + . .     Gourm    .   (no shield)
rNeg     . . .     Faith    .   h - +0 robe
rPois    .         Spirit   .   k - +2 helmet
rElec    .         Reflect  .   e - scarf {rC+ rF+}
rCorr    .         Harm     .   (no gloves)
MR       .....                  (no boots)
Stlth    ++........             (no amulet)
HPRegen  0.06/turn              (no ring)
MPRegen  0.12/turn              (no ring)

@: no status effects
A: no striking features
a: no special abilities


You were on level 1 of the Dungeon.
You were not hungry.

You visited 1 branch of the dungeon, and saw 2 of its levels.

You collected 15 gold pieces.

Inventory:

Hand Weapons
 a - a +2 dagger of freezing (weapon)
Missiles
 b - 24 arrows
 i - 21 stones (quivered)
Armour
 e - a scarf of resistance (worn)
 h - a +0 robe (worn)
 k - a +2 helmet (worn)
Scrolls
 f - a scroll of immolation {unknown}
Potions
 g - a potion of degeneration {unknown}
 j - a potion of flight {unknown}
Comestibles
 c - a ration


   Skills:
 * Level 0.8 Short Blades
 + Level 2.8 Dodging
 + Level 3.0 Stealth
 * Level 3.6 Spellcasting
 * Level 4.8 Conjurations


You had 6 spell levels left.
You knew the following spells:

 Your Spells              Type           Power        Failure   Level  Hunger
a - Magic Dart            Conj           ###.         1%          1    None
b - Searing Ray           Conj           ###...       2%          2    ##.....

Your spell library contained the following spells:

 Spells                   Type           Power        Failure   Level  Hunger
 Dazzling Spray           Conj/Hex       ##....       16%         3    ###....
 Iskenderun's Mystic Bla  Conj           ###.....     19%         4    ####...
 Force Lance              Conj/Tloc      ##......     45%         4    ####...
 Fulminant Prism          Conj/Hex       ##........   45%         4    ####...


Dungeon Overview and Level Annotations

Branches:
Dungeon (2/15)

Altars:


Message History

The goblin closely misses you. The goblin hits you but does no damage.
The hobgoblin misses you.
Casting: Magic Dart (safe; 1% risk of failure)
Confirm with . or Enter, or press ? or * to list all spells.
Aiming: Magic Dart (safe; 1% risk of failure)
Press: ? - help, Shift-Dir - straight line, f/p - goblin
Aim: a goblin (heavily wounded)
The magic dart hits the goblin.
You kill the goblin!
The goblin hits you but does no damage. The hobgoblin barely misses you.
Casting: Magic Dart (safe; 1% risk of failure)
Confirm with . or Enter, or press ? or * to list all spells.
Aiming: Magic Dart (safe; 1% risk of failure)
Press: ? - help, Shift-Dir - straight line, f - hobgoblin
Aim: a hobgoblin The magic dart hits the hobgoblin but does no damage.
The goblin hits you with a +0 club.
* * * LOW HITPOINT WARNING * * *
The hobgoblin hits you.
You die...

..................... .
.........>..###.... ...
.##...#.#.......###....
..............(........
......#......##..##...
.#......###..###.#
........##...# #.#
.##.....#.#..###[##
#....##.....##@g#
.......##.....###g......
........#.#..## ###....
##.#....##....# .#.
........#.....# #
##......##...#.#
#..#...#......#
#..#...#<#...># ########


You could see a hobgoblin and a goblin.

Vanquished Creatures
  Robin (D:1)
  A worm (D:2)
  A giant cockroach (D:2)
  7 goblins
  3 hobgoblins
  4 jackals
  2 bats
  A rat (D:1)
20 creatures vanquished.

Notes
Turn   | Place    | Note
-------+----------+-------------------------------------------
     0 | D:1      | Mithandil the Deep Elf Conjurer began the quest for the
                  | Orb.
     0 | D:1      | Reached XP level 1. HP: 10/10 MP: 6/6
   173 | D:2      | Reached XP level 2. HP: 15/15 MP: 0/8
   177 | D:2      | Learned a level 2 spell: Searing Ray
   424 | D:2      | Noticed Robin
   444 | D:1      | Killed Robin
   444 | D:1      | Reached XP level 3. HP: 6/19 MP: 0/10
   679 | D:1      | Slain by a hobgoblin

Levels and vault maps discovered:
D:1:      minmay_arrival_jagged, layout_rooms, minmay_pentomino_v4
D:2:      layout_rooms, okawaru_gym_becter, grunt_dithmenos_smoke_and_mirrors,
          uniq_robin

Skill      XL: |  1  2 |
---------------+-------+-----
Stealth        | 3 |  3.0
Short Blades   | |  0.8
Dodging        | |  2.8
Spellcasting   | |  3.6
Conjurations   | |  4.8

Action                   || total
-------------------------++-------
Melee: Club              ||     1
       Dagger            ||    12
 Cast: Magic Dart        ||    48
Armor: Robe              ||     6
Dodge: Dodged            ||    24

Table legend:
 A = Non-vault XP
 B = Vault XP
 C = Vault XP percentage of total XP
 D = Non-vault monster count
 E = Vault monster count
 F = Vault count percentage of total count
                 A         B        C        D         E       F
            +---------+---------+-------+---------+---------+-------
      Total |      32 |      22 |  40.7 |      16 |       4 |  20.0
            +---------+---------+-------+---------+---------+-------
        D:1 |       8 |      18 |  69.2 |       5 |       2 |  28.6
        D:2 |      24 |       4 |  14.3 |      11 |       2 |  15.4
            +---------+---------+-------+---------+---------+-------
